Cogmind - Beta 15 @@@ ROGUE MODE // 2025.06.24 @ 10:51:24 Player: Yurom Result: Destroyed by Y-45 Defender with Beam Rifle Performance ------------- Evolutions (2) 1000 Regions Visited (3) 600 Robots Destroyed (52) 260 Value Destroyed (1151) 1151 Prototype IDs (5) 100 Alien Tech Used (0) 0 Bonus (8) 8 TOTAL SCORE: 3119 Bonus ------- High Alert Combat Kills 8 Cogmind --------- Core Integrity 0/550 Matter 192/300 Energy 100/100 System Corruption 0% Temperature Cool (18) Movement Core (150) Ox2 Location -8/Materials Parts ------- > --- POWER (1) -------- (None) > --- PROPULSION (2) --- (None) > --- UTILITY (4) ------ Small Storage Unit Transport Network Coupler > --- WEAPON (4) ------- Katana > --- INVENTORY (8) ---- Cooling System High-capacity Battery (250) Signal Interpreter Improved Terrain Scanner Field Recycling Unit (0) Light Assault Rifle Peak State ------------ > --- POWER ------------ Improved Ion Engine > --- PROPULSION ------- Aluminum Leg Improved Aluminum Leg > --- UTILITY ---------- Cooling System Small Storage Unit Transport Network Coupler Targeting Computer > --- WEAPON ----------- Autogun Improved Assault Rifle Mini Grenade Launcher > --- INVENTORY -------- Cooling System High-capacity Battery Signal Interpreter Improved Terrain Scanner Core Shielding Field Recycling Unit Katana [Rating: 18] Favorites ----------- Power Heavy Ion Engine Engine Heavy Ion Engine Propulsion Light Treads Treads Light Treads Leg Improved Aluminum Leg Utility Small Storage Unit Device Cooling System Storage Small Storage Unit Processor Transport Network Coupler Protection Propulsion Shielding Weapon Advanced Beam Cannon Energy Gun Small Laser Energy Cannon Advanced Beam Cannon Ballistic Gun Light Assault Rifle Launcher Mini Grenade Launcher Slashing Weapon Katana Build | -11 -10 -9 -8 ------- Run | Yrd Mat Mat Mat Slots Evolved 4 | . . 2 2 Power . | . . . . Propulsion . | . . . . Utility 2 | . . 2 . Weapon 2 | . . . 2 Parts Attached 34 | 6 3 23 2 Power 5 | 1 . 4 . Engine 5 | 1 . 4 . Core . | . . . . Reactor . | . . . . Propulsion 6 | 2 . 4 . Treads 3 | 2 . 1 . Leg 3 | . . 3 . Wheel . | . . . . Hover . | . . . . Flight . | . . . . Utility 10 | 1 1 7 1 Device 2 | . . 2 . Storage 1 | 1 . . . Processor 3 | . . 3 . Hackware . | . . . . Protection 4 | . 1 2 1 Artifact . | . . . . Weapon 13 | 2 2 8 1 Energy Gun 3 | 1 1 1 . Energy Cannon 1 | . . 1 . Ballistic Gun 7 | 1 1 4 1 Ballistic Cannon . | . . . . Launcher 1 | . . 1 . Special Weapon . | . . . . Impact Weapon . | . . . . Slashing Weapon 1 | . . 1 . Piercing Weapon . | . . . . Special Melee Weapon . | . . . . Unidentified Prototypes 3 | . . 3 . Parts Lost 21 | . 2 10 9 Power 3 | . 1 1 1 Propulsion 4 | . . 2 2 Utility 7 | . . 4 3 Weapon 7 | . 1 3 3 Highest Loss Streak 7 | . 1 4 7 To Critical Strikes . | . . . . Average Backups 4 | . 4 4 6 Power . | . . . . Propulsion . | . . . . Utility 3 | . 2 3 5 Weapon . | . . . . Tool/Special . | . . . . Unused Backups 6 | . 1 . 5 Power . | . . . . Propulsion . | . . . . Utility 6 | . 1 . 5 Weapon . | . . . . Tool/Special . | . . . . Average Slot Usage (%) 94 | . 93 95 67 Engine 10 | . 11 10 6 Treads 16 | . 27 12 . Leg 6 | . . 8 9 Device 7 | . . 9 6 Storage 11 | . 14 11 9 Processor 13 | . . 18 18 Protection 4 | . 12 2 . Energy Gun 5 | . 13 3 . Energy Cannon 5 | . . 7 . Ballistic Gun 8 | . 13 5 11 Launcher 1 | . . 1 6 Slashing Weapon 1 | . . 2 . Peak Build Rating 18 | 6 8 17 18 Average Rating 12 | 4 7 15 12 On Entrance 7 | . 6 8 16 Naked Turns . | . . . . Heaviest Build 26 | 10 11 26 21 Greatest Support 40 | 40 40 40 23 Greatest Overweight (x) 7 | . 1 7 5 Average Overweight (x) . | . . . . Largest Inventory Capacity 8 | 8 8 8 8 Average Capacity 7 | 6 8 8 8 Most Carried 8 | 1 8 8 7 Average Carried 4 | . 4 4 6 Final Capacity 8 | 8 8 8 8 Final Carried 8 | . 8 8 6 Class Distribution -------------------- 65% | Mutant 33% | Scavenger-Mutant Dominant Class ---------------- Mutant | -10/Materials Mutant | -9/Materials Gunner | -8/Materials Resources | -11 -10 -9 -8 ----------- Run | Yrd Mat Mat Mat Matter Collected 837 | 258 105 474 . Remotely . | . . . . Salvage Created 1517 | . 401 1100 16 Parts 113 | . 26 84 3 Haulers Intercepted 2 | . 1 1 . Recyclers Shooed 1 | . 1 . . Parts Field Recycled . | . . . . Retrieved Matter . | . . . . Parts Self-Destructed . | . . . . Prevented . | . . . . Kills | -11 -10 -9 -8 ------- Run | Yrd Mat Mat Mat Combat Hostiles Destroyed 39 | . 9 29 1 Melee 2 | . . 1 1 Guns 18 | . 9 9 . Cannons 11 | . . 11 . AOE 8 | . . 8 . Classes Destroyed 10 | . 6 4 . Worker 3 | . . 3 . Builder 1 | . 1 . . Tunneler 1 | . . 1 . Hauler 2 | . 1 1 . Recycler 2 | . 1 1 . Watcher 4 | . 3 1 . Swarmer 16 | . 6 9 1 Grunt 17 | . 3 14 . Duelist 1 | . . 1 . Sentry 5 | . . 5 . Best Kill Streak 7 | . 3 7 1 Combat Bots Only 7 | . 3 7 1 Max Kills in Single Turn 4 | . 1 4 1 Gunslinging . | . . . . Exploded 4 | . . 4 . Melee 1 | . . 1 1 Uniques/NPCs Destroyed . | . . . . Combat | -11 -10 -9 -8 -------- Run | Yrd Mat Mat Mat Hostile Shots Fired 377 | . 59 200 118 Missed 108 | . 13 62 33 Hits 269 | . 46 138 85 Melee 4 | . . 4 . Projectile 265 | . 46 134 85 Critical Strikes 8 | . 1 4 3 Actively Blocked 2 | . 1 . 1 Damage Taken 3164 | . 469 1613 1082 Core 962 | . 130 279 553 Absorbed by Shields . | . . . . Redirected to Shielding 90 | . 48 3 39 Core Remaining (%) 59 | 100 48 30 . Volleys Fired 157 | . 64 88 5 Largest 3 | . 2 2 3 Hottest 133 | . 85 133 76 Shots Fired 264 | . 117 133 14 Gun 187 | . 117 60 10 Cannon 62 | . . 62 . Launcher 15 | . . 11 4 Special . | . . . . Kinetic 119 | . 65 44 10 Thermal 126 | . 52 74 . Explosive 15 | . . 11 4 Electromagnetic 4 | . . 4 . Robot Hit Streak 11 | . 10 11 4 Robot Miss Streak 5 | . 4 5 3 Penetration Max . | . . . . Secondary Targets . | . . . . Shots Hit Robots 156 | . 69 84 3 Core Hits 72 | . 27 41 4 Critical Kills . | . . . . Critical Parts Destroyed . | . . . . Critical Strikes 3 | . . 3 . Burn 3 | . . 3 . Melee Attacks 10 | . . 8 2 Impact . | . . . . Slashing 10 | . . 8 2 Piercing . | . . . . Sneak Attacks 5 | . . 5 . Combat Hostiles . | . . . . Follow-up Attacks . | . . . . Damage Inflicted 3364 | . 682 2499 183 Guns 1270 | . 673 570 27 Cannons 838 | . . 838 . Explosions 827 | . . 705 122 Melee 399 | . . 370 29 Ramming 30 | . 9 16 5 Kinetic 818 | . 370 421 27 Thermal 1304 | . 303 1001 . Explosive 798 | . . 676 122 Electromagnetic 15 | . . 15 . Impact . | . . . . Slashing 399 | . . 370 29 Piercing . | . . . . Highest Corruption 3 | . 3 . . Average Corruption 2 | . 2 . . Corruption Purged . | . . . . Corruption Blocked . | . . . . Effects 19 | . 19 . . Message Errors 4 | . 4 . . Matter Fused 2 | . 2 . . Heat Flow Errors 3 | . 3 . . Energy Discharges 1 | . 1 . . Parts Rejected 1 | . 1 . . Data Loss (minor) 3 | . 3 . . Data Loss (major) 2 | . 2 . . Misfires 2 | . 2 . . Weapon Failures 1 | . 1 . . Overload Shots . | . . . . Overflow Damage 154 | . . 154 . Projectiles 11 | . . 11 . Explosions 58 | . . 58 . Melee 85 | . . 85 . Knockbacks . | . . . . Impact . | . . . . Kinetic . | . . . . Secondary . | . . . . Self-Inflicted Damage 81 | . . 45 36 Shots 3 | . . 2 1 Rammed 6 | . 1 1 4 Targets Rammed 7 | . 1 2 4 Kicked 1 | . . 1 . Crushed . | . . . . Highest Temperature 357 | . 219 357 5 Average Temperature 55 | . 30 88 5 Received Heat Transfer 969 | . 159 450 360 Siege Activations . | . . . . Martial Activations . | . . . . Shielding Activations . | . . . . Robots Disrupted . | . . . . Combat Hostiles . | . . . . Robots Corrupted . | . . . . Combat Hostiles . | . . . . Parts Fried . | . . . . Impact Corruptions . | . . . . Robots Melted . | . . . . Combat Hostiles . | . . . . Parts Melted 2 | . 1 1 . Heat Transferred 2809 | . 687 2122 . Parts Sabotaged . | . . . . Parts Stolen . | . . . . Parts Stripped . | . . . . Power Chain Reactions . | . . . . Alert | -11 -10 -9 -8 ------- Run | Yrd Mat Mat Mat Maximum Alert Level 2 | . . 2 1 Low Security (%) 78 | 100 100 70 39 Level 1 20 | . . 27 60 Level 2 1 | . . 1 . Level 3 . | . . . . Level 4 . | . . . . Level 5 . | . . . . High Security . | . . . . Max Security . | . . . . Peak Influence 558 | . 82 558 234 Initial 234 | . . 19 234 Average 86 | . 18 110 199 Influence Increases 1300 | . 288 963 49 Destroy 0b10 Robot/C 780 | . 180 580 20 Destroy 0b10 Robot/NC 65 | . 30 35 . Destroy Leader 172 | . 48 124 . Successful Hack 20 | . . 20 . Disable Machine 30 | . . 30 . Destroy Structure 143 | . . 114 29 Partial Spotted 30 | . 30 . . Lose Combat Pursuer 60 | . . 60 . Influence Decreases 1157 | . 241 454 462 Entered New Map 350 | . . 28 322 Time Decay 617 | . 221 346 50 Lost Part 190 | . 20 80 90 Squads Dispatched 4 | . 1 2 1 Investigation 2 | . . 2 . Extermination . | . . . . Reinforcement 1 | . 1 . . Assault . | . . . . Garrison 1 | . . . 1 Intercept . | . . . . Searches Triggered . | . . . . Construction Impeded . | . . . . Haulers Reinforced . | . . . . Active Scanning Responses . | . . . . Cargo Convoy Interrupts . | . . . . Stealth | -11 -10 -9 -8 --------- Run | Yrd Mat Mat Mat Distress Signals 6 | . 3 3 . Communications Jammed . | . . . . Distress Signals . | . . . . Times Spotted 80 | . 23 47 10 Peak Tracking Total 10 | . 4 5 10 Tactical Retreats 3 | . . 3 . Traps | -11 -10 -9 -8 ------- Run | Yrd Mat Mat Mat Traps Triggered 4 | . 4 . . Indirectly . | . . . . Trap Hack Attempts . | . . . . Triggered . | . . . . Disarmed 1 | . . 1 . Reprogrammed . | . . . . Reused . | . . . . Traps Extracted . | . . . . Installed . | . . . . Triggered . | . . . . Machines | -11 -10 -9 -8 ---------- Run | Yrd Mat Mat Mat Machines Disabled 2 | . . 2 . Max in Single Turn 2 | . . 2 . Machines Repaired . | . . . . Machines Dismantled . | . . . . Machines Sabotaged . | . . . . Overloaded Fab Kills . | . . . . Hacking | -11 -10 -9 -8 --------- Run | Yrd Mat Mat Mat Machines Accessed 8 | . . 7 1 Terminals 6 | . . 6 . Fabricators . | . . . . Repair Stations . | . . . . Recycling Units . | . . . . Scanalyzers 1 | . . 1 . Garrison Access 1 | . . . 1 Total Hacks 26 | . . 24 2 Successful 15 | . . 14 1 Failed 11 | . . 10 1 Catastrophic 2 | . . 2 . Database Lockouts . | . . . . Manual . | . . . . Terminals 22 | . . 22 . Fabricators . | . . . . Repair Stations . | . . . . Recycling Units . | . . . . Scanalyzers 2 | . . 2 . Garrison Access 2 | . . . 2 Terminal Hacks 12 | . . 12 . Prototype ID Bank 1 | . . 1 . Emergency Access Points 2 | . . 2 . Alert Level 2 | . . 2 . Locate Traps 1 | . . 1 . Disarm Traps 1 | . . 1 . Dispatch Records 2 | . . 2 . Maintenance Status 1 | . . 1 . Surveillance Status 1 | . . 1 . Hauler Manifests 1 | . . 1 . Fabricator Hacks . | . . . . Repair Station Hacks . | . . . . Recycling Unit Hacks . | . . . . Scanalyzer 2 | . . 2 . Insert Component 1 | . . 1 . Analyze 1 | . . 1 . Garrison Access Hacks 1 | . . . 1 Unlock Access 1 | . . . 1 Unauthorized Hacks . | . . . . Terminals . | . . . . Fabricators . | . . . . Repair Stations . | . . . . Recycling Units . | . . . . Scanalyzers . | . . . . Garrison Access . | . . . . Data Cores Recovered . | . . . . Used . | . . . . Hacking Detections 5 | . . 4 1 Full Trace Events 2 | . . 2 . Feedback Events . | . . . . Feedback Blocked . | . . . . Robot Schematics Acquired . | . . . . Robots Built . | . . . . Authchips . | . . . . Time . | . . . . Total Robot Build Rating . | . . . . Part Schematics Acquired 1 | . . 1 . Parts Built . | . . . . Authchips . | . . . . Time . | . . . . Total Part Build Rating . | . . . . Parts Repaired . | . . . . Time . | . . . . Parts Recycled . | . . . . Recycled Matter . | . . . . Retrieved Matter . | . . . . Retrieved Components . | . . . . Parts Scanalyzed 1 | . . 1 . Part Schematics Acquired 1 | . . 1 . Parts Damaged . | . . . . Bothacking | -11 -10 -9 -8 ------------ Run | Yrd Mat Mat Mat Used RIF Installer . | . . . . Robots Hacked . | . . . . Non-combat . | . . . . Combat . | . . . . Robot Hacks Applied . | . . . . Relay Couplers Released . | . . . . Fabnet Peak Effective % . | . . . . Robots Rewired . | . . . . Allies Hacked . | . . . . Hacks Repelled . | . . . . Allies | -11 -10 -9 -8 -------- Run | Yrd Mat Mat Mat Total Allies . | . . . . Largest Group . | . . . . Highest-Rated Group . | . . . . Highest-Rated Ally . | . . . . Total Orders . | . . . . Ally Attacks . | . . . . Total Damage . | . . . . Kills . | . . . . Allies Corrupted . | . . . . Allies Melted . | . . . . Intel | -11 -10 -9 -8 ------- Run | Yrd Mat Mat Mat Active Infowar (turns) 3228 | . . 3141 87 Optics 1677 | . . 1677 . T.N.C. 3228 | . . 3141 87 Robot Analysis Total . | . . . . Derelict Logs Recovered . | . . . . Drone Launches . | . . . . Drone Recoveries . | . . . . Exploration | -11 -10 -9 -8 ------------- Run | Yrd Mat Mat Mat Turns Passed 4473 | 144 1077 3144 108 Spaces Moved 2534 | 111 446 1913 64 Core 69 | 38 1 4 26 Treads 1574 | 73 445 1056 . Legs 891 | . . 853 38 Wheels . | . . . . Hover . | . . . . Flight . | . . . . Fastest Speed 50 | 50 100 120 100 Average Speed 146 | 122 159 145 127 Slowest Speed 400 | 160 160 400 300 Overloaded Moves . | . . . . Propulsion Burnouts . | . . . . Robots Hopped . | . . . . Potential Cave-ins . | . . . . Cave-ins Triggered . | . . . . Exploration Rate (%) 29 | 5 50 53 10 Regions Visited 3 Branch Regions . Pre-discovered Areas . | . . . . Known Exits Taken . | . . . . Unknown Exits Taken 3 | 1 1 1 . Scrap Searched . | . . . . Spaces Dug . | . . . . Terrain Destroyed 172 | . . 144 28 Melee . | . . . . Projectile . | . . . . AOE 172 | . . 144 28 Terrain Rammed . | . . . . Walls Destroyed . | . . . . Machines Disabled . | . . . . Actions | -11 -10 -9 -8 --------- Run | Yrd Mat Mat Mat Total 3019 | 117 703 2120 79 Wait 237 | . 173 64 . Move 2531 | 110 445 1912 64 Hop . | . . . . Pick Up 21 | 1 9 10 1 Fast Attach 19 | 5 8 6 . Attach 15 | 1 . 11 3 Detach 3 | . . 3 . Swap 10 | . 1 9 . Drop 9 | . 2 7 . Fire 157 | . 64 88 5 Melee 10 | . . 8 2 Ram 4 | . . . 4 Kick 1 | . . 1 . Crush 2 | . 1 1 . Escape Stasis . | . . . . Rewire . | . . . . Trap . | . . . . Miscellaneous . | . . . . Route ------- -11/Scrapyard -10/Materials (discovered 2 exits: *Mat / [*Min]) -9/Materials (discovered 2 exits: *Mat x2) -8/Materials (discovered 1 exit: Gar) History --------- Turn | Location | Event 6 | -11/Scrapyard | Discovered new exit (range 15) 145 | -11/Scrapyard | Entered Materials 304 | -10/Materials | Build established: Mutant 699 | -10/Materials | Discovered new exit (range 11) 1069 | -10/Materials | Core integrity fell below 50% 1193 | -10/Materials | Discovered new exit (range 9) 1222 | -10/Materials | Entered another Materials area 1222 | -9/Materials | Evolved 2 slots: Utility x2 1976 | -9/Materials | Build established: Scavenger-Mutant 2375 | -9/Materials | Build established: Mutant 2957 | -9/Materials | Discovered new exit (range 17) 3106 | -9/Materials | Lost 4 parts (1p2n1w) 3456 | -9/Materials | Core integrity fell below 50% 3778 | -9/Materials | Build established: Scavenger-Mutant 4177 | -9/Materials | Discovered new exit (range 3) 4346 | -9/Materials | Destroyed 7 combat bots 4366 | -9/Materials | Entered another Materials area 4366 | -8/Materials | Evolved 2 slots: Weapon x2 4389 | -8/Materials | Identified exit to Garrison 4420 | -8/Materials | Garrison activated, responded to threat 4464 | -8/Materials | Core integrity fell below 50% 4470 | -8/Materials | Lost 7 parts (1p2n1u3w) 4473 | -8/Materials | Core integrity fell below 20% 4474 | -8/Materials | Destroyed by Y-45 Defender with Beam Rifle Last Messages --------------- [Achievement: Troublemaker] Y-45 Defender emerges from the garrison. Y-45 Defender suffers critical hit (Burn). Critical hit (Burn: +37). Autogun destroyed. Aluminum Leg destroyed. Critical hit (Burn: +37). Imp. Assault Rifle destroyed. Imp. Ion Engine destroyed. Cooling System destroyed. Mni. Grenade Launcher destroyed. Slammed into S-10 Pest. Destabilizing: System interference. Transport Network Coupler temporarily disabled. Targeting Computer temporarily disabled. T-07 Excavator is excavating. S-10 Pest destroyed. Targeting Computer destroyed. Core Shielding destroyed. Acquired Lgt. Assault Rifle. Map ----- +----------------------------------------------------+ | ?###########?????????????????????????????????????? | | ?# #?????????????????????????????????????? | | ?# """ """ #?????????????????????????????????????? | | ?# "G" """ #?????????????????????????????????????? | | ?# ">" """ #?????????????????????????????????????? | | ?# #########?????????????????????????????? | | ?# ##!![[==#?????????????????????????????? | | ## ##!![[==#?????????????????????????????? | | ## #?????????????????????????????? | | #???????????????????????????????? | | #???????????????????????????????? | | ###?????????????????????????????? | | # ######????????????????????????? | | # # # #????????????????????????? | | # ## # #????????????????????????? | | # ?# # #????????????????????????? | | ## ?# / """ #????????????????????????? | | ## ! ?# # """ #????????????????????????? | | ## ?+ # """ #????????????????????????? | | ## !!?## #####/##????????????????????????? | | # !!??# #???# #?#####???????????????????? | | # % ??# #???# #?# #???????????????????? | | T # ?# #???# #?# #??#########????????? | | # ?# ##### #### ### ==#????????? | | # [ ## Y gY=%= ==#????????? | | #?############ g @ " !!#????????? | | ?????????????# g ss !!#????????? | | ?????????????#######+########## ==#????????? | | ???????????????????????????????# ## ==#????????? | | ???????????????????????????????? #???##????????? | | ????????????????????????????????? #?????????????? | | ?????????????????????????????????? #?????????????? | | ???????????????????????????????????#?????????????? | | ?????????????????????????????????????????????????? | | ?????????????????????????????????????????????????? | | ?????????????????????????????????????????????????? | | ?????????????????????????????????????????????????? | | ?????????????????????????????????????????????????? | | ?????????????????????????????????????????????????? | | ?????????????????????????????????????????????????? | | ?????????????????????????????????????????????????? | | ?????????????????????????????????????????????????? | | ?????????????????????????????????????????????????? | | ?????????????????????????????????????????????????? | | ?????????????????????????????????????????????????? | | ?????????????????????????????????????????????????? | | ?????????????????????????????????????????????????? | | ?????????????????????????????????????????????????? | | ?????????????????????????????????????????????????? | | ?????????????????????????????????????????????????? | +----------------------------------------------------+ Best States ------------- Heat Dissipation 53 Energy Generation 14 Energy Capacity 280 Matter Stores 300 Matter Capacity 300 Sight Range 18 Terrain Scan Density 10 Armor Coverage 225 Core Shielding 20 Propulsion Shielding 33 Evasion (%) 55 Targeting Accuracy 5 Recoil Reduction 2 Item Schematics ----------------- Imp. Ion Engine | -9/Materials | Scanalyzed Robot Schematics ------------------ None Fabricated ------------ Nothing Repaired ---------- Nothing Alien Tech Used ----------------- None Achievements -------------- Troublemaker Challenges ------------ None Game ------ Seed SubatomicAngularBlasthammer Manual? 0 Play Time 00:58:57 Cumulative 8.2 hours Start 2025.06.24 @ 09:00:13 End 2025.06.24 @ 10:51:24 Sessions 3 Manual Loads 0 Difficulty Rogue Special Mode None Game No. 11 Rogue 11 Adventurer 0 Explorer 0 Win Type - Total 0 Types 0/0/0/0/0/0/0/0/0/0 Lore% 1 Gallery% 9 Achievement% 10 Wizard Run 0 Options --------- Layout 1 ASCII 0 Keyboard 1 Movement Arrows Keybinds 0 Fullscreen 1 Font 24/Smallcaps Map View 50x40 Zoom Use 0% Tactical HUD 0 Map Filters NONE Filters NONE Steam 1 RUN: 3ed70492-33c0-4b57-a0e2-ff316efffd4a